 Dungeon Crawl Stone Soup version 0.23.1 (webtiles) character file.

Game seed: 16681507228802656555

114534 DildoBatman the Reanimator (level 17, -1/128 HPs)
             Began as a Formicid Wizard on Mar 12, 2019.
             Was an Initiate of Gozag.
             Killed from afar by a thorn hunter (28 damage)
             ... with a volley of thorns
             ... on level 2 of the Swamp.
             The game lasted 02:35:55 (29980 turns).

DildoBatman the Reanimator (Formicid Wizard)       Turns: 29980, Time: 02:35:55

Health: -1/128     AC: 12    Str: 12    XL:     17   Next: 21%
Magic:  23/31      EV: 16    Int: 27    God:    Gozag
Gold:   1345       SH:  7    Dex: 12    Spells: 2/37 levels left

rFire    . . .     SeeInvis +   a - +9 trident (venom)
rCold    . . .     Gourm    .   E - +2 buckler
rNeg     + + .     Faith    .   o - +4 troll leather armour
rPois    .         Spirit   .   (helmet unavailable)
rElec    .         Reflect  .   O - scarf {repulsion}
rCorr    .         Harm     .   h - +0 pair of gloves
MR       ++...                  l - +0 pair of boots
Stlth    ++++......             (no amulet)
HPRegen  1.71/turn              I - ring of protection from magic
MPRegen  0.22/turn              y - ring "Ejelaor" {rN++ EV+1 Dex+3 Slay+3}

@: regenerating (expiring), studying Fighting, repel missiles
A: permanent stasis, dig shafts and tunnels, four strong arms, antennae 3,
hooves 1, clever 1
a: Dig, Shaft Self, Potion Petition, Call Merchant, Bribe Branch, Renounce
Religion


You were on level 2 of the Swamp.
You worshipped Gozag.
Gozag was most pleased with you.
You were full.

You visited 5 branches of the dungeon, and saw 26 of its levels.
You also visited: Trove and Bailey.

You collected 7508 gold pieces.
You spent 4667 gold pieces at shops.
You paid 1496 gold pieces to Gozag.

Inventory:

Hand Weapons
 a - a +9 trident of venom (weapon)
 b - the +7 mace of Variability {chain chaos}
   (You found it on level 14 of the Dungeon)

   Each time it hits an enemy it has a different, random effect.
 g - a +7 blowgun
 q - the +6 Majin-Bo {vamp, Archmagi MP+6 Int+6}
   (You found it on level 14 of the Dungeon)

   It inflicts no extra harm, but heals its wielder when it wounds a living foe.
   It affects your intelligence (+6).
   It affects your magic capacity (+6).
Missiles
 d - 23 curare-tipped needles
 j - 790 arrows
 n - 220 bolts
 r - 2 needles of confusion
 A - 3 throwing nets (quivered)
 F - 39 poisoned needles
 S - 70 sling bullets
Armour
 h - a +0 pair of gloves (worn)
 l - a +0 pair of boots (worn)
 o - a +4 troll leather armour (worn)
 E - a +2 buckler (worn)
 O - a scarf of repulsion (worn)
Magical Staves
 K - an uncursed staff of wizardry
Jewellery
 p - a +2 ring of evasion
 y - the ring "Ejelaor" (right hand) {rN++ EV+1 Dex+3 Slay+3}
   (You found it on level 12 of the Dungeon)

   [ring of evasion]

   It affects your evasion (+1).
   It affects your dexterity (+3).
   It affects your accuracy and damage with ranged weapons and melee attacks
   (+3).
   It greatly protects you from negative energy.
 I - a ring of protection from magic (left hand)
Wands
 i - a wand of flame (112)
 B - a wand of clouds (2)
 M - a wand of acid (11)
 R - a wand of iceblast (15)
Scrolls
 e - 5 scrolls of fog
 k - a scroll of fear {unknown}
 x - 6 scrolls of remove curse
 z - a scroll of identify
 C - 3 scrolls of magic mapping
 H - a scroll of immolation {unknown}
Potions
 c - 2 potions of flight
 f - 3 potions of agility
 m - 6 potions of brilliance
 s - 4 potions of cancellation
 u - 7 potions of heal wounds
 w - 10 potions of curing
 G - 3 potions of might
 J - 3 potions of magic
 L - 3 potions of ambrosia
 P - a potion of invisibility
Books
 Q - a manual of Fighting
Miscellaneous
 t - a lamp of fire
 D - a crystal ball of energy
Comestibles
 v - 16 rations


   Skills:
 - Level 10.0 Fighting
   Level 2.0 Short Blades
   Level 1.0(3.2) Axes
 - Level 4.9(5.0) Polearms
 - Level 10.0 Armour
 - Level 8.0 Dodging
 - Level 10.0 Stealth
 - Level 5.0 Shields
 * Level 10.5 Spellcasting
 - Level 5.0 Conjurations
 - Level 6.0 Hexes
 * Level 7.9 Charms
 - Level 1.0 Summonings
 * Level 11.9 Necromancy
   Level 0.8 Translocations
 - Level 4.0 Fire Magic
 * Level 5.8 Air Magic
 * Level 4.0 Earth Magic
 - Level 8.2 Poison Magic
 - Level 10.0 Evocations


You had 2 spell levels left.
You knew the following spells:

 Your Spells              Type           Power        Failure   Level  Hunger
a - Borgnjor's Vile Clut  Necr/Erth      ######....   5%          5    ###....
b - Conjure Flame         Conj/Fire      #####...     2%          3    None
c - Spectral Weapon       Hex/Chrm       ######..     1%          3    None
d - Regeneration          Chrm/Necr      ######....   1%          3    None
e - Mephitic Cloud        Conj/Pois/Air  #####...     1%          3    None
g - Aura of Abjuration    Summ           ###.......   67%         5    ###....
h - Dispel Undead         Necr           ######..     1%          5    ###....
i - Deflect Missiles      Chrm/Air       ######....   41%         6    #####..
z - Sublimation of Blood  Necr           ######....   1%          2    None

Your spell library contained the following spells:

 Spells                   Type           Power        Failure   Level  Hunger
 Animate Skeleton         Necr           N/A          1%          1    None
 Confusing Touch          Hex            #####.       1%          1    None
 Corona                   Hex            #####..      1%          1    None
 Infusion                 Chrm           ####         1%          1    None
 Magic Dart               Conj           ####         1%          1    None
 Pain                     Necr           ####         1%          1    None
 Searing Ray              Conj           #####.       1%          2    None
 Shroud of Golubria       Chrm/Tloc      #####.....   1%          2    None
 Slow                     Hex            #####...     1%          2    None
 Song of Slaying          Chrm           ######..     1%          2    None
 Swiftness                Chrm/Air       ######..     1%          2    None
 Ensorcelled Hibernation  Hex/Ice        ####..       2%          2    None
 Apportation              Tloc           ###...       3%          1    None
 Summon Butterflies       Summ           ###.....     3%          1    None
 Summon Small Mammal      Summ           ###.         3%          1    None
 Beastly Appendage        Tmut           ##....       4%          1    None
 Call Imp                 Summ           ###.....     4%          2    None
 Sticks to Snakes         Tmut           ##......     8%          2    None
 Confuse                  Hex            #####...     1%          3    None
 Dazzling Spray           Conj/Hex       #####.       1%          3    None
 Static Discharge         Conj/Air       #####...     1%          3    None
 Tukima's Dance           Hex            #####...     1%          3    None
 Vampiric Draining        Necr           ######....   1%          3    None
 Animate Dead             Necr           N/A          1%          4    None
 Spider Form              Tmut/Pois      #####.....   2%          3    None
 Excruciating Wounds      Chrm/Necr      ######....   2%          5    ###....
 Bolt of Draining         Conj/Necr      ######....   4%          5    ###....
 Death Channel            Necr           ######....   5%          6    #####..
 Leda's Liquefaction      Hex/Erth       #####.....   6%          4    None
 Iskenderun's Battlesphe  Conj/Chrm      #####...     10%         5    ###....
 Gell's Gravitas          Tloc           ###.......   11%         3    None
 Lesser Beckoning         Tloc           ###.......   11%         3    None
 Recall                   Summ/Tloc      N/A          11%         3    None
 Teleport Other           Tloc           ###.....     11%         3    None
 Summon Lightning Spire   Summ/Air       ####....     12%         4    None
 Silence                  Hex/Air        #####.....   12%         5    ###....
 Lightning Bolt           Conj/Air       #####.....   16%         5    ###....
 Petrify                  Tmut/Erth      ####....     22%         4    None
 Bolt of Magma            Conj/Fire/Erth #####.....   22%         5    ###....
 Fireball                 Conj/Fire      #####.....   22%         5    ###....
 Alistair's Intoxication  Tmut/Pois      #####...     26%         5    ###....
 Lee's Rapid Deconstruct  Erth           #####.....   26%         5    ###....
 Summon Mana Viper        Hex/Summ       ####....     32%         5    ###....
 Passage of Golubria      Tloc           N/A          34%         4    None
 Metabolic Englaciation   Hex/Ice        ####......   38%         5    ###....
 Yara's Violent Unravell  Hex/Tmut       ####......   38%         5    ###....
 Ice Form                 Ice/Tmut       ##......     45%         4    None
 Poison Arrow             Conj/Pois      #####.....   45%         6    #####..
 Invisibility             Hex            #####...     54%         6    #####..
 Simulacrum               Ice/Necr       #####.....   54%         6    #####..
 Conjure Ball Lightning   Conj/Air       #####.....   63%         6    #####..
 Summon Demon             Summ           ###.......   67%         5    ###....
 Summon Forest            Summ/Tloc      ###.......   67%         5    ###....
 Iron Shot                Conj/Erth      #####.....   75%         6    #####..
 Blade Hands              Tmut           ##........   80%         5    ###....
 Freezing Cloud           Conj/Ice/Air   ####......   86%         6    #####..
 Borgnjor's Revivificati  Necr           ######....   94%         8    #######
 Infestation              Necr           ######....   94%         8    #######
 Bolt of Cold             Conj/Ice       ####......   95%         6    #####..
 Haunt                    Necr/Summ      #####.....   96%         7    ######.
 Statue Form              Tmut/Erth      ####.....    98%         6    #####..
 Dispersal                Tloc           ###.......   99%         6    #####..
 Shadow Creatures         Summ           N/A          99%         6    #####..
 Death's Door             Chrm/Necr      ######....   99%         8    #######
 Ozocubu's Refrigeration  Ice            ##........   100%        6    #####..
 Dragon Form              Tmut           ##........   100%        7    ######.
 Spellforged Servitor     Conj/Summ      ####......   100%        7    ######.
 Chain Lightning          Conj/Air       #####.....   100%        8    #######
 Disjunction              Tloc           ###.......   100%        8    #######
 Ignition                 Fire           #####.....   100%        8    #######
 Lehudib's Crystal Spear  Conj/Erth      #####.....   100%        8    #######
 Necromutation            Tmut/Necr      #####.....   100%        8    #######
 Fire Storm               Conj/Fire      #####.....   100%        9    #######
 Glaciate                 Conj/Ice       ####......   100%        9    #######
 Shatter                  Erth           #####.....   100%        9    #######
 Tornado                  Air            #####.....   100%        9    #######
 Blink                    Tloc           Unusable     N/A         2    N/A

Dungeon Overview and Level Annotations

Branches:
Dungeon (15/15)            Temple (1/1) D:7            Lair (6/6) D:11
  Swamp (2/4) Lair:4        Snake (0/4) Lair:3        Slime (0/5) Lair:5
    Orc (2/2) D:11            Elf (0/3) Orc:2        Vaults (0/5) D:13
 Depths (0/5) D:15

Altars:
Ashenzari
Cheibriados
Dithmenos
Elyvilon
Fedhas
Gozag
Hepliaklqana
Kikubaaqudgha
Makhleb
Nemelex Xobeh
Okawaru
Qazlal
Ru
Sif Muna
Trog
Uskayaw
Vehumet
Wu Jian
Xom
Yredelemnul
Zin
The Shining One
Beogh
Jiyva

Shops:
D:7 ((*   D:10 *   D:14 [   D:15 *   Orc:2 :**!


Innate Abilities, Weirdness & Mutations

You cannot be hasted, slowed, berserked, paralysed or teleported.
You can dig through walls and to a lower floor.
Your four strong arms can wield two-handed weapons with a shield.
You have a pair of large antennae on your head. (SInv)
You have large cloven feet.
Your mind is acute. (Int +2)


Message History

Casting: Borgnjor's Vile Clutch (safe; 5% risk of failure)
Confirm with . or Enter, or press ? or * to list all spells.
You draw magical energy from your own body!
The briar patch crumbles away.
Casting: Sublimation of Blood (safe; 1% risk of failure)
Confirm with . or Enter, or press ? or * to list all spells.
Aiming: Borgnjor's Vile Clutch (safe; 5% risk of failure)
Press: ? - help, Dir - move target cursor, f/p - thorn hunter
Aim: a thorn hunter (severely damaged) Decaying hands burst forth from the earth!
Zombie hands grab the thorn hunter.
The briar patch is unaffected. x3
The zombie hands constrict the thorn hunter.
The briar patch crumbles away.
The thorn hunter fires a volley of thorns at you.
The volley of thorns hits you!!
The thorn hunter fires a volley of thorns at you.
The volley of thorns hits you!!
You die...
Your body crumbles into a pile of gold.

♣♣..≈..≈≈≈.....≈..♣♣♣♣
♣≈.≈≈≈.≈≈≈≈...≈≈≈≈≈≈≈≈.
♣.≈≈≈≈≈≈≈.....≈≈≈≈≈≈≈..
♣.≈≈≈≈≈≈≈......≈≈≈≈≈≈♣.
♣♣<)≈≈≈P♣PPPP§PPP≈≈≈..≈
♣♣.≈.≈PPPPP.PPPP≈≈≈≈.≈
♣≈..♣♣P.≈.f..≈≈≈≈....≈≈.
♣♣≈≈♣♣♣...♣≈..≈≈..≈..≈≈[
♣♣♣♣ ♣≈.@♣♣♣f≈≈♣♣♣≈≈≈≈§
♣♣...≈♣#.≈≈....≈≈.♣
♣♣♣♣♣♣.≈≈≈≈≈#.≈≈.≈≈>...≈
♣♣♣♣♣..≈♣..≈≈≈≈≈...≈......≈.
♣...♣.≈.≈≈.≈≈≈.#≈..≈≈≈.≈)...
♣ ♣≈...≈≈≈♣♣♣....#.....≈§♣≈.
.§ ♣....≈≈.♣♣♣....#.......♣
..♣ ♣≈≈≈≈..≈≈≈≈....#.....≈♣♣
....
♣♣≈≈≈≈≈≈≈#.≈######.##.≈#
≈≈≈≈≈


You could see a thorn hunter.

Vanquished Creatures
  Jorgrun (Swamp:1)
  A thorn hunter (Swamp:1)
  Frances (Swamp:2)
  Aizul (Swamp:1)
  An orc warlord (Orc:1)
  An ironheart preserver (D:13)
  Josephine (D:15)
  2 fire dragons
  A death knight (D:12)
  A ghost crab (Swamp:2)
  9 hydras
  5 centaur warriors
  5 two-headed ogres
  2 catoblepae
  2 alligators
  A death yak (shapeshifter) (D:15)
  4 orc high priests
  Sonja (Lair:2)
  An unseen horror (D:15)
  An unseen horror (shapeshifter) (D:15)
  A hell knight (D:14)
  A swamp dragon (Swamp:2)
  A glowing orange brain (D:15)
  5 lindwurms
  A harpy (shapeshifter) (D:15)
  10 orc knights
  4 deep elf magi
  11 ugly things
  5 manticores
  2 cyclopes
  6 orc sorcerers
  Maurice (D:9)
  7 black mambas
  3 molten gargoyles (Lair:6)
  A torpor snail (Lair:2)
  3 gargoyles
  16 spiny frogs
  3 rime drakes
  3 freezing wraiths
  A catoblepas zombie (Lair:2)
  2 kobold demonologists
  7 komodo dragons
  A tengu conjurer (D:15)
  A polar bear (Lair:5)
  10 trolls
  3 hornets
  A polar bear (shapeshifter) (D:15)
  Grinder (D:6)
  9 tyrant leeches
  6 hydra skeletons
  Prince Ribbit (D:9)
  15 slime creatures
  13 blink frogs
  A meliai zombie (D:13)
  8 dream sheep
  10 hippogriffs
  A hippogriff (shapeshifter) (D:15)
  3 bog bodies (Swamp:1)
  3 spriggans
  2 vampires
  7 wraiths
  3 shadows
  5 wyverns
  36 yaks
  Grum (D:9)
  2 black mamba skeletons (Lair:2)
  2 hungry ghosts
  3 basilisks
  A golden eye (shapeshifter) (D:15)
  13 vampire mosquitoes
  3 steam dragons
  8 insubstantial wisps (Swamp:1)
  7 wargs
  5 swamp worms
  An acid dragon (D:12)
  4 hell hounds (Lair:6)
  4 spiny frog zombies
  25 water moccasins
  7 porcupines
  Duvessa (D:6)
  4 black bears
  5 ice beasts
  An eye of draining (shapeshifter) (D:14)
  37 orc warriors
  2 phantoms
  3 dream sheep zombies
  4 sky beasts
  2 swamp drakes
  A necrophage (D:10)
  14 ogres
  An orc zombie (Orc:2)
  A tengu (shapeshifter) (D:15)
  A blink frog zombie (Lair:3)
  22 wolves
  2 dream sheep skeletons (Lair:2)
  22 centaurs
  13 crocodiles
  3 big kobolds
  19 bullfrogs
  A hippogriff zombie (Lair:2)
  2 rime drake skeletons
  A wyvern zombie (D:7)
  4 komodo dragon skeletons
  2 water moccasin zombies
  5 scorpions
  Dowan (D:6)
  3 water moccasin skeletons
  2 yak zombies (Lair:2)
  9 killer bees
  A yak skeleton (Lair:5)
  2 electric eels
  14 wights
  A howler monkey (shapeshifter) (D:14)
  5 lava snakes (Lair:6)
  6 crimson imps
  2 howler monkeys (D:9)
  A bullfrog zombie (Lair:2)
  4 centaur zombies
  9 hounds
  4 jellies
  2 quasits
  35 orc priests
  7 centaur skeletons
  38 orc wizards
  Crazy Yiuf (D:7)
  3 bullfrog skeletons
  A porcupine zombie (Lair:2)
  10 iguanas
  4 worker ants
  2 crocodile zombies (Lair:2)
  A crocodile skeleton (Lair:2)
  A gnoll (D:3)
  A howler monkey zombie (D:7)
  A howler monkey skeleton (D:6)
  18 adders
  A shadow imp (D:11)
  An ooze (D:3)
  2 adder zombies
  3 adder skeletons
  2 worms
  2 dart slugs
  9 leopard geckos
  100 orcs
  7 giant cockroaches
  3 goblins
  9 hobgoblins
  6 jackals (D:1)
  18 kobolds
  8 quokkas
  4 ball pythons
  A ball python skeleton (D:5)
  4 bats
  10 frilled lizards
  A jackal zombie (D:8)
  A quokka skeleton (D:6)
  11 rats
  2 fungi
  7 spectral weapons
936 creatures vanquished.

Vanquished Creatures (collateral kills)
  A fire dragon (Lair:6)
  A slime creature (D:15)
  A yak (Lair:6)
  A killer bee (D:7)
4 creatures vanquished.

Vanquished Creatures (others)
  A bush (Lair:4)
  22 fungi
  5 plants
  18 spectral weapons
46 creatures vanquished.

Grand Total: 986 creatures vanquished

Notes
Turn   | Place    | Note
-------+----------+-------------------------------------------
     0 | D:1      | DildoBatman the Formicid Wizard began the quest for the
                  | Orb.
     0 | D:1      | Reached XP level 1. HP: 13/13 MP: 4/4
    72 | D:1      | Reached skill level 1 in Conjurations
   210 | D:1      | Reached XP level 2. HP: 19/19 MP: 0/6
   534 | D:1      | Reached XP level 3. HP: 9/24 MP: 0/7
   539 | D:1      | Learned a level 3 spell: Conjure Flame
   543 | D:1      | Learned a level 3 spell: Mephitic Cloud
   666 | D:1      | Reached skill level 1 in Axes
  1130 | D:2      | Found a faded altar of an unknown god.
  1426 | D:2      | Reached XP level 4. HP: 28/30 MP: 0/8
  1924 | D:3      | Reached skill level 1 in Short Blades
  1999 | D:3      | Reached XP level 5. HP: 35/35 MP: 5/9
  2416 | D:3      | Reached XP level 6. HP: 29/41 MP: 0/10
  2649 | D:4      | Reached skill level 5 in Conjurations
  2665 | D:4      | Reached skill level 1 in Poison Magic
  2770 | D:4      | Reached skill level 1 in Fire Magic
  2916 | D:4      | Reached skill level 1 in Air Magic
  2947 | D:4      | Reached XP level 7. HP: 44/46 MP: 2/11
  3354 | D:5      | Entered Level 5 of the Dungeon
  4797 | D:6      | Noticed a water moccasin
  4871 | D:7      | Found an iron altar of Okawaru.
  4872 | D:7      | Found Bewekk's Weapon Emporium.
  4970 | D:7      | Found Boczoav's Food Boutique.
  5017 | D:7      | Reached skill level 5 in Stealth
  5186 | D:7      | Found an ancient bone altar of Kikubaaqudgha.
  5194 | D:7      | Became a worshipper of Kikubaaqudgha
  5275 | D:6      | Reached XP level 8. HP: 51/52 MP: 5/14
  5397 | D:4      | You fall through a shaft!
  6105 | D:5      | Reached skill level 1 in Fighting
  6105 | D:5      | Reached skill level 1 in Armour
  6716 | D:7      | Found a runed translucent door.
  6717 | D:7      | Noticed Crazy Yiuf
  6736 | D:7      | Killed Crazy Yiuf
  6816 | D:7      | Found Fasti's Assorted Antiques.
  6847 | D:7      | Reached * piety under Kikubaaqudgha
  6847 | D:7      | Identified Kikubaaqudgha's Volume of Necromancy
                  | (Kikubaaqudgha gifted it to you on level 7 of the Dungeon)
  6847 | D:7      | Received a gift from Kikubaaqudgha
  6900 | D:7      | Got a warped scale mail
  6911 | D:7      | Identified the cursed +1 scale mail of the Hills {SInv}
                  | (You found it on level 7 of the Dungeon)
  6995 | D:7      | Reached XP level 9. HP: 34/61 MP: 3/16
  7091 | D:7      | Found Rukegewn's Weapon Shoppe.
  7095 | D:7      | Bought a +1 trident of venom for 134 gold pieces
  7118 | D:7      | Bought a scroll labeled FOCESS RUCA for 20 gold pieces
  7118 | D:7      | Bought a scroll labeled TERGHEFYMPE for 20 gold pieces
  7118 | D:7      | Bought a scroll labeled YXEABBEJOA for 20 gold pieces
  7118 | D:7      | Bought a grey potion for 18 gold pieces
  7118 | D:7      | Bought a scroll of identify for 40 gold pieces
  7118 | D:7      | Bought a scroll of identify for 40 gold pieces
  7447 | D:7      | Reached skill level 1 in Polearms
  7455 | D:7      | Reached skill level 5 in Spellcasting
  7530 | D:7      | Found a staircase to the Ecumenical Temple.
  7535 | Temple   | Entered the Ecumenical Temple
  7681 | D:6      | Reached skill level 5 in Poison Magic
  7750 | D:6      | Noticed Dowan
  7764 | D:6      | Noticed Duvessa
  7778 | D:6      | Killed Dowan
  7779 | D:6      | Killed Duvessa
  7918 | D:6      | Found a hazy altar of Hepliaklqana.
  7918 | D:6      | Noticed Grinder
  7932 | D:6      | Killed Grinder
  7957 | D:6      | Reached ** piety under Kikubaaqudgha
  8104 | D:6      | Reached XP level 10. HP: 71/71 MP: 3/17
  8795 | D:8      | Noticed a seven-headed hydra
  9154 | D:8      | Reached skill level 5 in Fighting
  9169 | D:8      | Reached skill level 5 in Armour
  9740 | D:9      | Noticed Prince Ribbit
  9754 | D:9      | Killed Prince Ribbit
  9854 | D:9      | Noticed a two-headed ogre
  9861 | D:9      | Killed a two-headed ogre
  9868 | D:9      | Reached *** piety under Kikubaaqudgha
  9868 | D:9      | Identified Kikubaaqudgha's Papyrus of Dark Secrets
                  | (Kikubaaqudgha gifted it to you on level 9 of the Dungeon)
  9868 | D:9      | Received a gift from Kikubaaqudgha
  9930 | D:9      | Noticed Maurice
  9950 | D:9      | Killed Maurice
  9951 | D:9      | Noticed a two-headed ogre
 10023 | D:9      | Killed a two-headed ogre
 10023 | D:9      | Reached XP level 11. HP: 29/82 MP: 2/20
 10135 | D:9      | Found a flagged portal.
 10239 | Bailey   | Entered a bailey
 10239 | Bailey   | Noticed an orc knight
 10286 | Bailey   | Reached skill level 1 in Evocations
 10289 | Bailey   | Killed an orc knight
 10316 | Bailey   | Noticed an orc knight
 10321 | Bailey   | Killed an orc knight
 10378 | Bailey   | Identified the Papyrus of the Unstable Snowflakes
 10411 | Bailey   | Identified Yckegeq's Papyrus of the Compass
 10892 | D:9      | Noticed Grum
 10897 | D:9      | Killed Grum
 11090 | D:10     | Entered Level 10 of the Dungeon
 11090 | D:10     | Noticed a two-headed ogre
 11108 | D:10     | Killed a two-headed ogre
 11108 | D:10     | Reached skill level 5 in Dodging
 11141 | D:10     | Reached **** piety under Kikubaaqudgha
 11320 | D:10     | Noticed a two-headed ogre
 11330 | D:10     | Killed a two-headed ogre
 11330 | D:10     | Reached skill level 5 in Evocations
 11481 | D:10     | Found Canuah's Assorted Antiques.
 11481 | D:10     | Noticed a deep elf mage
 11486 | D:10     | Killed a deep elf mage
 11486 | D:10     | Reached XP level 12. HP: 91/91 MP: 8/22
 11546 | D:10     | Bought a sedimented silvery potion for 27 gold pieces
 11546 | D:10     | Bought a sedimented silvery potion for 27 gold pieces
 11803 | D:10     | Found a portal to a secret trove of treasure.
 12001 | D:11     | Found a staircase to the Orcish Mines.
 12273 | D:11     | Reached ***** piety under Kikubaaqudgha
 12517 | D:11     | Found a staircase to the Lair.
 12777 | Orc:1    | Entered Level 1 of the Orcish Mines
 13018 | Orc:2    | Entered Level 2 of the Orcish Mines
 13115 | Orc:2    | Found a roughly hewn altar of Beogh.
 13507 | Orc:2    | Noticed an orc high priest
 13535 | Orc:2    | Killed an orc high priest
 13747 | Orc:1    | Noticed an orc warlord
 13788 | Orc:1    | Killed an orc warlord
 13788 | Orc:1    | Reached XP level 13. HP: 98/98 MP: 3/25
 13914 | Orc:1    | Found a roughly hewn altar of Beogh.
 14357 | Orc:1    | Reached ****** piety under Kikubaaqudgha
 14414 | Orc:1    | Received a gift from Kikubaaqudgha
 14415 | Orc:1    | Fell from the grace of Kikubaaqudgha
 14551 | Temple   | Became a worshipper of Gozag Ym Sagoz the Greedy
 15424 | Orc:2    | Found Juuqupn's Assorted Antiques.
 15428 | Orc:2    | Found Samnit's Distillery.
 15432 | Orc:2    | Bought a fizzy red potion for 32 gold pieces
 15432 | Orc:2    | Bought a scroll labeled HUGOJE ABIFIO for 36 gold pieces
 15434 | Orc:2    | Found Qich's General Store.
 15436 | Orc:2    | Found Suonuare's Book Boutique.
 15442 | Orc:2    | Bought a scroll of identify for 26 gold pieces
 15487 | Orc:2    | Bought a potion of resistance for 180 gold pieces
 15487 | Orc:2    | Bought a potion of resistance for 180 gold pieces
 15563 | Orc:2    | Found a staircase to the Elven Halls.
 15724 | D:10     | You paid a toll of 3 potions of resistance to enter a
                  | treasure trove
 15725 | Trove    | Entered a treasure trove
 15738 | Trove    | Identified Sif Muna's Reference Book on Lucky Stones
 15741 | Trove    | Identified the Catalogue of the Blessed Realm
 15762 | Trove    | Identified the Reference Book on Arcane Weapons
 15789 | Trove    | Identified Sif Muna's Volume of Helpful Confrontation
 15792 | Trove    | Identified Sif Muna's Almanac of Confrontation
 15821 | D:10     | Learned a level 3 spell: Regeneration
 15825 | D:10     | Learned a level 3 spell: Spectral Weapon
 15831 | D:10     | Learned a level 5 spell: Dispel Undead
 15838 | D:10     | Learned a level 6 spell: Deflect Missiles
 15841 | D:10     | Learned a level 2 spell: Sublimation of Blood
 15946 | Lair:1   | Entered Level 1 of the Lair of Beasts
 15954 | Lair:1   | Noticed a four-headed hydra
 16093 | D:12     | Noticed a five-headed hydra
 16442 | Lair:1   | Reached skill level 1 in Hexes
 16505 | Lair:1   | Reached skill level 1 in Necromancy
 16606 | Lair:1   | Reached skill level 1 in Charms
 16937 | Lair:1   | Killed a four-headed hydra
 17145 | D:8      | Killed a seven-headed hydra
 17305 | Lair:2   | Noticed a four-headed hydra
 17331 | Lair:2   | Killed a four-headed hydra
 17331 | Lair:2   | Reached XP level 14. HP: 88/108 MP: 21/27
 17376 | Lair:2   | Noticed Sonja
 17389 | Lair:2   | Killed Sonja
 17786 | Lair:2   | Noticed a reaper
 18210 | Lair:2   | Reached skill level 2 in Necromancy
 18835 | Lair:3   | Got a scorched chain mail
 18946 | Lair:3   | Found a staircase to the Snake Pit.
 20229 | Lair:4   | Reached skill level 3 in Necromancy
 20313 | Lair:4   | Found a staircase to the Swamp.
 20446 | Lair:4   | Reached skill level 5 in Air Magic
 20645 | Lair:5   | Identified the +1 chain mail of Defence {*Drain Dex+2
                  | Stlth+} (You found it on level 3 of the Lair of Beasts)
 20815 | Lair:5   | Reached skill level 1 in Shields
 20836 | Lair:5   | Was forgiven by Kikubaaqudgha
 20872 | Lair:5   | Found a staircase to the Slime Pits.
 20873 | Lair:5   | Found a viscous altar of Jiyva.
 21487 | Lair:6   | Entered Level 6 of the Lair of Beasts
 21673 | Lair:6   | Reached skill level 5 in Shields
 21732 | Lair:5   | Reached skill level 10 in Fighting
 21732 | Lair:5   | Reached XP level 15. HP: 107/114 MP: 10/28
 21824 | Lair:6   | Reached skill level 10 in Armour
 22152 | Lair:6   | Reached skill level 10 in Spellcasting
 22336 | Lair:6   | Reached skill level 4 in Necromancy
 22380 | Lair:6   | Found a large runed translucent door.
 22683 | Lair:6   | Reached skill level 10 in Stealth
 22683 | Lair:6   | Reached skill level 5 in Hexes
 22780 | Lair:6   | Found a large runed translucent door.
 23823 | D:12     | Reached skill level 10 in Evocations
 23827 | D:12     | Found a deep blue altar of Sif Muna.
 23962 | D:12     | Reached skill level 5 in Charms
 23962 | D:12     | Reached skill level 5 in Necromancy
 24253 | D:12     | Got a steaming ivory ring
 24255 | D:12     | Identified the ring "Ejelaor" {rN++ EV+1 Dex+3 Slay+3} (You
                  | found it on level 12 of the Dungeon)
 24535 | D:13     | Noticed an ironheart preserver
 24629 | D:13     | Reached skill level 6 in Necromancy
 24830 | D:13     | Killed an ironheart preserver
 24963 | D:13     | Reached skill level 7 in Necromancy
 24971 | D:13     | Reached XP level 16. HP: 105/121 MP: 6/30
 25049 | D:13     | Found a gate to the Vaults.
 25670 | D:14     | Reached skill level 8 in Necromancy
 25802 | D:14     | Found Foschidi's Armour Boutique.
 25830 | D:14     | Found a shattered altar of Ashenzari.
 25853 | D:14     | Found the +6 Majin-Bo {vamp, Archmagi MP+6 Int+6}
 25957 | D:14     | Found the +7 mace of Variability {chain chaos}
 26289 | D:14     | Reached skill level 9 in Necromancy
 26392 | D:15     | Entered Level 15 of the Dungeon
 26626 | D:15     | Noticed Josephine
 26647 | D:15     | Killed Josephine
 26647 | D:15     | Reached skill level 10 in Necromancy
 27025 | D:15     | Reached skill level 11 in Necromancy
 27173 | D:15     | Found Weda's Blood Bar.
 27343 | D:15     | Found a staircase to the Depths.
 27837 | Orc:2    | Bought a potion of agility for 72 gold pieces
 27837 | Orc:2    | Bought a potion of cancellation for 144 gold pieces
 27837 | Orc:2    | Bought a potion of curing for 54 gold pieces
 27837 | Orc:2    | Bought 2 potions of brilliance for 144 gold pieces
 27837 | Orc:2    | Bought a potion of invisibility for 144 gold pieces
 27837 | Orc:2    | Bought a potion of heal wounds for 90 gold pieces
 27839 | Orc:2    | Bought 2 potions of heal wounds for 360 gold pieces
 27849 | Orc:2    | Bought a potion of magic for 104 gold pieces
 27851 | Orc:2    | Bought a manual of Fighting for 1545 gold pieces
 27851 | Orc:2    | Bought a book of Unlife for 910 gold pieces
 27857 | Orc:2    | Learned a level 5 spell: Borgnjor's Vile Clutch
 28003 | D:7      | Bought a papyrus book for 300 gold pieces
 28213 | D:11     | Gained mutation: Your mind is acute. (Int +2) [potion of
                  | mutation]
 28213 | D:11     | Gained mutation: You have large cloven feet. [potion of
                  | mutation]
 28306 | Swamp:1  | Entered Level 1 of the Swamp
 28307 | Swamp:1  | Noticed Aizul
 28324 | Swamp:1  | Killed Aizul
 28382 | Swamp:1  | Reached skill level 1 in Earth Magic
 28436 | Swamp:1  | Learned a level 5 spell: Aura of Abjuration
 28501 | Swamp:1  | Noticed Jorgrun
 28779 | Swamp:1  | Killed Jorgrun
 29022 | Swamp:1  | Reached XP level 17. HP: 128/128 MP: 11/31
 29710 | Swamp:2  | Noticed a thorn hunter
 29724 | Swamp:1  | Killed a thorn hunter
 29732 | Swamp:2  | Noticed Frances
 29747 | Swamp:2  | Killed Frances
 29957 | Swamp:2  | Noticed a thorn hunter
 29980 | Swamp:2  | Killed from afar by a thorn hunter

Skill      XL: |  1  2  3  4  5  6  7  8  9 10 11 12 13 14 15 16 17 |
---------------+----------------------------------------------------+-----
Conjurations   | 1 2 3 4 5 |  5.0
Axes           | 1 |  1.0
Short Blades   | 1 2 |  2.0
Poison Magic   | 2 3 4 5 8 |  8.2
Fire Magic     | 1 2 3 4 |  4.0
Air Magic      | 1 2 3 4 5 |  5.8
Spellcasting   | 4 5 6 7 8 9 10 | 10.5
Stealth        | 5 6 7 8 9 10 | 10.0
Dodging        | 2 3 4 5 6 7 8 |  8.0
Fighting       | 2 4 6 7 8 9 10 | 10.0
Armour         | 2 3 6 7 8 9 10 | 10.0
Polearms       | 2 3 4 |  4.9
Evocations     | 6 8 9 10 | 10.0
Hexes          | 1 3 6 |  6.0
Necromancy     | 1 3 7 11 | 11.9
Charms         | 1 3 7 |  7.9
Shields        | 5 |  5.0
Earth Magic    | 2 4 |  4.0
Summonings     | |  1.0
Translocations | |  0.8

Action                   |  1- 3 |  4- 6 |  7- 9 | 10-12 | 13-15 | 16-18 || total
-------------------------+-------+-------+-------+-------+-------+-------++-------
Melee: Hand axe          |    22 |     8 |       |       |       |       ||    30
       Unarmed           |     1 |       |       |       |       |       ||     1
       Dagger            |       |    81 |   141 |       |       |       ||   222
       Trident           |       |       |    81 |   504 |  1053 |   358 ||  1996
       Halberd           |       |       |       |    40 |       |       ||    40
       Great mace        |       |       |       |       |       |    12 ||    12
Throw: Stone             |       |       |    16 |       |       |       ||    16
       Tomahawk          |       |       |    10 |       |     1 |       ||    11
       Javelin           |       |       |     7 |       |       |       ||     7
 Cast: Magic Dart        |    78 |    86 |   122 |   108 |    21 |       ||   415
       Mephitic Cloud    |       |     4 |    47 |    76 |   111 |    30 ||   268
       Conjure Flame     |       |     1 |    20 |    42 |    81 |    23 ||   167
       Spectral Weapon   |       |       |       |       |   164 |    66 ||   230
       Regeneration      |       |       |       |       |    34 |    26 ||    60
       Sublimation of Bl |       |       |       |       |     4 |     5 ||     9
       Dispel Undead     |       |       |       |       |     1 |     2 ||     3
       Borgnjor's Vile C |       |       |       |       |       |    19 ||    19
Invok: Receive Necronomi |       |       |       |       |     1 |       ||     1
       Renounce Religion |       |       |       |       |     1 |       ||     1
       Potion Petition   |       |       |       |       |       |     3 ||     3
 Abil: Dig               |       |     5 |    25 |    53 |    55 |     6 ||   144
Evoke: Wand              |       |       |       |     6 |    17 |     9 ||    32
       Box of beasts     |       |       |       |       |     1 |       ||     1
       Lamp of fire      |       |       |       |       |       |     1 ||     1
  Use: Scroll            |       |       |    14 |     9 |    13 |     2 ||    38
       Potion            |       |       |       |     2 |     2 |     3 ||     7
 Stab: Sleeping          |     3 |       |     3 |     3 |    16 |     6 ||    31
       Confused          |       |       |    19 |    26 |    50 |    11 ||   106
       Distracted        |       |       |       |       |     6 |     8 ||    14
       Paralysed         |       |       |       |       |     6 |       ||     6
       Petrified         |       |       |       |       |     1 |       ||     1
       Invisible         |       |       |       |       |       |     1 ||     1
  Eat: Chunk             |     1 |     6 |    15 |    21 |     3 |       ||    46
       Ration            |       |       |     2 |     1 |    13 |     7 ||    23
Armor: Robe              |    11 |    14 |    15 |    16 |       |       ||    56
       Troll leather arm |       |       |       |    88 |   217 |    52 ||   357
Dodge: Dodged            |    24 |    54 |   116 |   205 |   542 |   213 ||  1154
       Deflected         |       |       |       |     5 |    27 |    15 ||    47
Block: Buckler           |       |       |       |       |   133 |    75 ||   208
